 Dungeon Crawl Stone Soup version 0.28-b1-25-g9875b3fc8c (webtiles) character file.

Game seed: 6392310920981793832

9 ctl46 the Chiller (level 2, 0/19 HPs)
             Began as a Merfolk Ice Elementalist on Feb 2, 2022.
             Slain by a quokka (1 damage)
             ... on level 1 of the Dungeon.
             The game lasted 00:04:10 (407 turns).

ctl46 the Chiller (Merfolk Ice Elementalist)         Turns: 407, Time: 00:04:10

Health: 0/19       AC:  2    Str:  8    XL:     2   Next: 16%
Magic:  5/5        EV: 12    Int: 14    God:
Gold:   0          SH:  0    Dex: 14    Spells: 4/5 levels left

rFire   . . .      SeeInvis .   b - +1 short sword (elec)
rCold   . . .      Faith    .   (no shield)
rNeg    . . .      Spirit   .   a - +0 robe
rPois   .          Reflect  .   (no helmet)
rElec   .          Harm     .   (no cloak)
rCorr   .          Rampage  .   (no gloves)
Will    .....                   (no boots)
Stlth   ++........              (no amulet)
HPRegen 0.06/turn               (no ring)
MPRegen 0.09/turn               (no ring)

@: no status effects
A: (nimble swimmer 2), mertail
a: no special abilities


You were on level 1 of the Dungeon.
You visited 1 branch of the dungeon, and saw 1 of its levels.

Inventory:

Hand Weapons
 b - a +1 short sword of electrocution (weapon)
 d - a +0 dagger
Armour
 a - a +0 robe (worn)
Scrolls
 e - a scroll of teleportation {unknown}
Potions
 c - a potion of berserk rage {unknown}


   Skills:
 + Level 0.2 Fighting
 + Level 2.6 Dodging
 + Level 2.3 Stealth
 + Level 2.1 Spellcasting
 + Level 4.7 Ice Magic


You had 4 spell levels left.
You knew the following spells:

 Your Spells              Type           Power      Damage    Failure   Level
a - Freeze                Ice            56%        1d7       3%          1

Your spell library contained the following spells:

 Spells                   Type           Power      Damage    Failure   Level
 Frozen Ramparts          Ice            28%        1d4       10%         3
 Ozocubu's Armour         Ice            14%        N/A       10%         3
 Hailstorm                Conj/Ice       8%         3d4       65%         4


Dungeon Overview and Level Annotations

Branches:
Dungeon (1/15)

Altars:


Innate Abilities, Weirdness & Mutations

((You are very nimble when in or above water. (Stealth+, EV+, Speed+++)))
Your lower body shifts to a powerful aquatic tail in water.


Message History

Found a fizzy dark potion.
The kobold shouts! x2
The bat moves out of view.
You see here a scroll labelled XYUSUUBUNY.
An endoplasm and a quokka come into view.
Found an opal ring.
The kobold closely misses you.
You hit the kobold but do no damage. The kobold closely misses you. x2
You hit the kobold but do no damage. Lightning courses through the kobold!
You kill the kobold!
The kobold misses you.
You have reached level 2!
You hit the kobold.
The kobold is moderately wounded.
The kobold misses you.
Found a grey potion.
The kobold hits you with a +0 whip.
Things that are here:
a +0 whip; a kobold corpse The kobold hits you with a +0 whip.
You hit the kobold. Lightning courses through the kobold!!
You kill the kobold!
The bat misses you.
You hit the endoplasm.
Lightning courses through the endoplasm!!
You kill the endoplasm!
The bat hits you.
You barely miss the bat. The bat hits you but does no damage.
The quokka bites you. x2
* * * LOW HITPOINT WARNING * * *
You barely miss the quokka. The bat hits you but does no damage.
The bat completely misses you. The quokka bites you.
* * * LOW HITPOINT WARNING * * *
You barely miss the quokka. The bat hits you but does no damage.
The quokka closely misses you.
You closely miss the quokka. The bat hits you but does no damage.
The quokka barely misses you. The quokka closely misses you.
The bat hits you but does no damage. The quokka misses you.
Things that are here:
a +0 whip; a kobold corpse The quokka bites you.
You die...

####### #.....#
##.##.# #...#.#
#...#.##########
#...#..........#
###############.#
#........ #.##
###@####### # #...
#...rb?...## #.####
#.###)###(.####....(
#. ![.=!#......#####
# ##.#.##.####.## !.
..#..>....# ♣♣
#.#######..###..# ♣.
#...............# ..
######..).#####.# ..


You could see a quokka and a bat.

Vanquished Creatures
  A ball python (D:1)
  A bat (D:1)
  2 endoplasms (D:1)
  4 kobolds (D:1)
8 creatures vanquished.

Vanquished Creatures (others)
  3 plants (D:1)
3 creatures vanquished.

Grand Total: 11 creatures vanquished

Notes
Turn   | Place    | Note
-------+----------+-------------------------------------------
     0 | D:1      | ctl46 the Merfolk Ice Elementalist began the quest for the
                  | Orb.
     0 | D:1      | Reached XP level 1. HP: 13/13 MP: 3/3
   396 | D:1      | Reached XP level 2. HP: 19/19 MP: 5/5
   407 | D:1      | Slain by a quokka

Illustrated notes

Levels and vault maps discovered:
D:1:      tarquinn_simple_flora_water_c, layout_basic, hangedman_decor_lopped,
          minmay_split_cup_large

Action                   || total
-------------------------++-------
Melee: Short sword       ||    26
       Unarmed           ||    11
 Cast: Freeze            ||     1
Armor: Robe              ||    11
Dodge: Dodged            ||    29
